[Event "Early-Titled-Tuesday-Blitz-September-12-2023"]
[Site "Chess.com"]
[Date "2023.09.12"]
[Round "2"]
[White "hellokostya"]
[Black "MITerryble"]
[Result "0-1"]
[WhiteElo "2608"]
[BlackElo "2929"]
[TimeControl "180+1"]
[EndTime "8:19:16 PDT"]
[Termination "MITerryble won by resignation"]

1. d4 e6 2. c4 Bb4+ 3. Bd2 c5 4. Bxb4 cxb4 5. g3 Nf6 6. Bg2 O-O 7. Nf3 d6 8. O-O a5 9. Qd3 Qc7 10. Nbd2 b6 11. e4 e5 12. Ne1 Nc6 13. Nc2 Ba6 14. b3 Rab8 15. Rfe1 Nd7 16. Rac1 Rfe8 17. Nf1 b5 18.
cxb5 Bxb5 19. Qd2 Bxf1 20. Bxf1 Qa7 21. Bh3 Nf6 22. d5 Nd8 23. Qe3 Qa8 24. Qd3 Nb7 25. Ne3 Nc5 26. Rxc5 dxc5 27. Nc4 a4 28. d6 axb3 29.
axb3 Qc6 30. f3 Rbd8 31. Rd1 Nd7 32. Na5 Qb6 33. Nc4 Qb7 34. Na5 Qb6 35. Nc4 Qa7 36. Qd5 Kf8 37. Bxd7 Qxd7 38. Nxe5 Qe6 39. d7 Re7 40. f4 f6 41. Nc6 Rdxd7 42. Nxe7 Rxd5 43.
Nxd5 Qxe4 44. Kf2 Qc2+ 45. Ke1 Qxb3 46. Ke2 Qc2+ 47. Rd2 Qe4+ 48. Ne3 b3 49. Rd8+ Kf7 50. Rb8 c4 51. Rb4 Qd3+ 52. Kf2 b2 53. Rxb2 c3 54. Rc2 Qd4 55. Ke2 g6 56. Kf2 g5 57. fxg5 fxg5 58.
Ke2 Kg6 59. Kf2 Qd3 60. Re2 h5 61. Rc2 g4 62. Re2 Qe4 63. Rc2 Qh1 64. Ke2 Qxh2+ 65.
Kd3 Qxg3 66. Rxc3 Qd6+ 67. Ke2 Qa6+ 68. Kf2 Qf6+ 69. Ke2 Qxc3 0-1

[Event "Early-Titled-Tuesday-Blitz-September-12-2023"]
[Site "Chess.com"]
[Date "2023.09.12"]
[Round "2"]
[White "Firouzja2003"]
[Black "SashaKuzhilniy"]
[Result "1-0"]
[WhiteElo "3067"]
[BlackElo "2648"]
[TimeControl "180+1"]
[EndTime "8:19:17 PDT"]
[Termination "Firouzja2003 won by resignation"]

1. e4 c5 2. Nf3 d6 3. d4 cxd4 4. Nxd4 Nf6 5. Nc3 Nc6 6. f3 e5 7.
Nb3 Be6 8. Be3 d5 9. exd5 Nxd5 10. Nxd5 Qxd5 11. Qxd5 Bxd5 12. O-O-O O-O-O 13. Bd3 Be7 14. Kb1 h5 15. Rhe1 Kc7 16. c3 b6 17. Kc2 g6 18.
Nd2 Rd7 19. Bc4 Rhd8 20. Bxd5 Rxd5 21. Re2 Bc5 22. Bxc5 Rxc5 23. Kb1 Rcd5 24. Kc1 Na5 25. Rde1 Nb7 26. Ne4 Na5 27. Ng5 R8d7 28. Rxe5 Rxe5 29.
Rxe5 f6 30. Ne6+ Kd6 31. Re2 Re7 32. Nf4 Rxe2 33. Nxe2 Ke5 34. b3 Nb7 35. Kd2 g5 36. Nd4 Kd5 37. Ke3 Nd6 38. c4+ Kc5 39. Kd3 a6 40. a3 a5 41. Kc3 Nf7 42. b4+ axb4+ 43.
axb4+ Kd6 44. Nf5+ Ke5 45. Ne3 Nd6 46. Kd3 f5 47. Nd5 b5 48. Nb6 g4 49. Nd7+ Ke6 50. Nc5+ Ke5 51. cxb5 Nxb5 52. Ke3 f4+ 53. Kd3 Nd6 54. Nd7+ Ke6 55. Nc5+ Kd5 56. Ne4 Nf5 57. fxg4 hxg4 58. Nf6+ Kc6 59. Nxg4 Kb5 60. Ke4 Nh4 61. Kxf4 Nxg2+ 62. Kg3 Ne1 63. h4 Nd3 64. h5 Nxb4 65.
h6 Nd5 66. h7 Ne7 67. h8=Q 1-0

[Event "Early-Titled-Tuesday-Blitz-September-12-2023"]
[Site "Chess.com"]
[Date "2023.09.12"]
[Round "2"]
[White "PLAYER_2006_M"]
[Black "Pingah9"]
[Result "1-0"]
[WhiteElo "2861"]
[BlackElo "2561"]
[TimeControl "180+1"]
[EndTime "8:19:17 PDT"]
[Termination "PLAYER_2006_M won by resignation"]

1. d4 g6 2. Nc3 d5 3. Bf4 Nf6 4. Qd2 a6 5. h4 b5 6. a3 Bb7 7. Nf3 Nbd7 8. e3 Nb6 9. Ne5 Nc4 10. Nxc4 dxc4 11. Be5 h5 12. f3 Bg7 13. Be2 Qd7 14.
O-O Rc8 15. Rad1 O-O 16. e4 e6 17. Qf4 Qe7 18. a4 b4 19. Nb1 c3 20. bxc3 bxc3 21. Nxc3 Rfd8 22. Rb1 Ba8 23. Bxa6 Rb8 24. Bxc7 Rxb1 25.
Rxb1 Rxd4 26. Bb6 Rb4 27. Qb8+ Kh7 28. Qxa8 Rxb6 29. Rxb6 Qc5+ 30. Kf1 Qxb6 31. Qb7 Qc5 32. Ne2 Qxc2 33. Bb5 Qd1+ 34. Kf2 Kg8 35. Qc8+ Bf8 36. Qc3 Qd8 37. a5 e5 38. Bd3 Nd7 39. a6 Bc5+ 40. Kf1 Qb6 41. Qc4 Qb2 42. Qb5 Qa1+ 43. Qb1 Qa5 44.
Qb5 Qa1+ 45. Qb1 Qa5 46. g3 Qd2 47. Qc2 Qe3 48. Ke1 Qf2+ 49. Kd2 Qxf3 50. Kc3 Qe3 51. Kc4 Nb6+ 52. Kb5 Kg7 53. Qxc5 Qxd3+ 54. Kxb6 Qxe2 55. Qxe5+ Kh7 56. a7 Qb2+ 57. Qxb2 1-0

[Event "Early-Titled-Tuesday-Blitz-September-12-2023"]
[Site "Chess.com"]
[Date "2023.09.12"]
[Round "2"]
[White "Alphafischer2019"]
[Black "bascheyaro"]
[Result "0-1"]
[WhiteElo "2547"]
[BlackElo "2818"]
[TimeControl "180+1"]
[EndTime "8:19:17 PDT"]
[Termination "bascheyaro won by checkmate"]

1. d4 d5 2. Nc3 Nf6 3. Bf4 Bf5 4. f3 Bg6 5. g4 e6 6. h4 h5 7. g5 Nfd7 8. e4 c6 9. Bd3 dxe4 10. fxe4 e5 11. dxe5 Nc5 12. Nf3 Ne6 13. Bg3 Nd7 14.
Qe2 Qa5 15. O-O Qb6+ 16. Kh2 Qxb2 17. Qd2 Bb4 18. Na4 Bxd2 19. Nxb2 Bc3 20. Rab1 Bxb2 21. Rxb2 Ndc5 22. Re1 O-O-O 23. Re3 Rd7 24. Rb1 Rhd8 25. Ne1 Rd4 26. Bf2 Nxe4 27. Bg1 N4c5 28. Nf3 Rg4 29.
Bxg6 fxg6 30. c3 Ne4 31. Rbe1 Nd2 32. Nxd2 Rxd2+ 33. R1e2 Rxh4+ 34. Kg3 Rxe2 35. Rxe2 Rg4+ 36. Kh2 Nxg5 37. Bxa7 Nf3+ 38. Kh3 Ng1+ 39. Bxg1 Rxg1 40. Kh2 Rg5 41. e6 Kd8 42. Rb2 b5 43. Rd2+ Ke7 44.
Rd7+ Kxe6 45. Rxg7 Rg4 46. Rc7 Kd5 47. Rc8 Kc5 48. a3 g5 49. Rh8 h4 50. Rh6 Rg3 51.
Rh5 Kb6 52. Kh1 Rxc3 53. Rxg5 Rxa3 54. Rg4 Rh3+ 55. Kg2 Rg3+ 56. Rxg3 hxg3 57. Kxg3 Ka5 58. Kf3 Ka4 59. Ke3 Ka3 60. Kd2 b4 61. Kc1 Ka2 62.
Kc2 b3+ 63. Kd2 b2 64. Kc3 b1=Q 65. Kc4 Qb5+ 66. Kc3 Qc5+ 67. Kd2 Kb2 68. Kd3 Qd5+ 69. Ke2 Kc2 70. Ke3 Qe5+ 71. Kf2 Kd2 72. Kf3 Qf5+ 73. Kg3 Ke2 74. Kh4 Qg6 75. Kh3 Kf3 76. Kh4 Qh6# 0-1

[Event "Early-Titled-Tuesday-Blitz-September-12-2023"]
[Site "Chess.com"]
[Date "2023.09.12"]
[Round "2"]
[White "RamonManon0g"]
[Black "arenal72"]
[Result "0-1"]
[WhiteElo "2311"]
[BlackElo "2525"]
[TimeControl "180+1"]
[EndTime "8:19:18 PDT"]
[Termination "arenal72 won by checkmate"]

1. e4 Nc6 2. Nf3 d6 3. d4 Nf6 4.
Nc3 g6 5. Bb5 a6 6. Bc4 Bg7 7.
O-O O-O 8. h3 Nxe4 9. Nxe4 d5 10.
Bd3 dxe4 11. Bxe4 Nxd4 12. Nxd4 Qxd4 13. Qe2 c6 14. Rd1 Qe5 15. Qf3 Be6 16. c3 Rfd8 17.
Bf4 Qb5 18. b3 Qc5 19. Rac1 h6 20. Qe2 Bd5 21. Bb1 e5 22. Bxe5 Re8 23. Bd4 Bxd4 24.
cxd4 Rxe2 25. dxc5 Rae8 26. Kf1 f5 27. Rc2 Rxc2 28.
Bxc2 Kf7 29. g3 Re5 30. f4 Re3 31.
Kf2 Rc3 32. Bd3 Rxc5 33. Ke3 a5 34. Kd4 b6 35. Re1 Be6 36. Bc4 Bxc4 37. bxc4 a4 38.
g4 fxg4 39. hxg4 h5 40. g5 Rf5 41. Re4 h4 42. Ke3 b5 43. Kf3 b4 44. Kg4 a3 45.
Kxh4 Ra5 46. Kg4 b3 47. axb3 a2 48. Re1 a1=Q 49. Rxa1 Rxa1 50. f5 gxf5+ 51. Kxf5 Rb1 52. g6+ Ke7 53. Ke5 Rxb3 54. Kd4 Rg3 55. g7 Rxg7 56. Kc5 Kd7 57. Kb6 Rg4 58. c5 Rb4+ 59. Ka6 Rb5 60. Ka7 Kc8 61. Ka6 Kc7 62. Ka7 Ra5# 0-1

[Event "Early-Titled-Tuesday-Blitz-September-12-2023"]
[Site "Chess.com"]
[Date "2023.09.12"]
[Round "2"]
[White "ErikRonka"]
[Black "baki83"]
[Result "0-1"]
[WhiteElo "2546"]
[BlackElo "2808"]
[TimeControl "180+1"]
[EndTime "8:19:27 PDT"]
[Termination "baki83 won by resignation"]

1. e4 c5 2. Nf3 d6 3. d4 cxd4 4. Nxd4 Nf6 5. Nc3 Nc6 6. Bg5 e6 7. Qd2 a6 8. O-O-O Bd7 9. f4 Be7 10. Nf3 b5 11. Bxf6 gxf6 12. f5 Qa5 13. Kb1 h5 14. g3 O-O-O 15. Bh3 b4 16. Ne2 e5 17. c3 Kb8 18. cxb4 Nxb4 19. Nc3 d5 20. a3 dxe4 21. Nxe4 Ba4 22. Qe2 Bc2+ 23. Ka1 Bxd1 24. Rxd1 Rxd1+ 25. Qxd1 Rd8 26. Qb3 Qd5 27. Qxd5 Nxd5 28. Bf1 Ka7 29. Bc4 Ne3 30. Bxf7 Nxf5 31. Bxh5 Rh8 32. Bg6 Ne3 33. Nh4 f5 34. Nxf5 Nxf5 35.
Bxf5 Rxh2 36. g4 Rg2 37. Ka2 Kb6 38. Kb3 Bc5 39. Kc4 Bd4 40. b3 Kc6 41. g5 Rg1 42. g6 a5 43. b4 a4 44. b5+ Kb6 45. Kb4 Be3 46. Kxa4 Bh6 47. Kb4 Bf8+ 48. Kc4 Rd1 49. a4 Rd4+ 50. Kb3 Rb4+ 51. Kc3 Rxa4 52. Ng5 Ra3+ 53.
Kd2 Bh6 54. Ke2 Ra2+ 55. Kf3 Ra8 56. Ne6 Re8 57. Kg4 e4 58. Bxe4 Rxe6 59. Bf5 Re7 60. Kh5 Bg7 61. Kg5 Kxb5 62. Bg4 Kc5 63. Kf5 Kd6 64.
Kg5 Re5+ 65. Bf5 Ke7 66. Kf4 Kf6 67. Be4 Bh6+ 68. Kf3 Kg7 69. Bd3 Re3+ 70. Kg4 Rxd3 0-1

[Event "Early-Titled-Tuesday-Blitz-September-12-2023"]
[Site "Chess.com"]
[Date "2023.09.12"]
[Round "2"]
[White "Kapitan_Bayan"]
[Black "Barmen_EV"]
[Result "1-0"]
[WhiteElo "2206"]
[BlackElo "2457"]
[TimeControl "180+1"]
[EndTime "8:19:33 PDT"]
[Termination "Kapitan_Bayan won by checkmate"]

1. e4 d5 2. exd5 Nf6 3. d4 Bg4 4. Nf3 Qxd5 5. Be2 Nc6 6. c4 Qh5 7. d5 O-O-O 8. Nc3 e6 9. O-O exd5 10. cxd5 Bd6 11. h3 Rhe8 12. hxg4 Nxg4 13. g3 Nce5 14.
Nh4 g5 15. f3 Bc5+ 16. Kg2 Nf2 17. Rxf2 gxh4 18. g4 h3+ 19. Kh2 Qh4 20. Rf1 Bd6 21. Bf4 Ng6 22. Bxd6 Rxd6 23. Ne4 Rd7 24. Qe1 Qd8 25. Rd1 Nf4 26. Bb5 c6 27. dxc6 Rxd1 28. Qxd1 Qxd1 29. Rxd1 bxc6 30. Bxc6 Re5 31. Nd6+ Kc7 32. Be4 Rc5 33. Nxf7 Rb5 34. b3 Ra5 35. a4 Rc5 36. b4 Rc3 37. Ne5 Ng2 38. Kxh3 Ne3 39. Rd3 Rxd3 40. Bxd3 Nd5 41. b5 Kb6 42. Kh4 Ka5 43. Bc2 Kb4 44. Kh5 Kc3 45. Bd1 Kd4 46. Nc6+ Ke3 47. Kh6 Nf4 48. Kxh7 Ne6 49. Nxa7 Kf4 50.
b6 Ng5+ 51. Kg6 Ne6 52. b7 Ke5 53. b8=Q+ Kd4 54. Qb4+ Ke5 55. Qb3 Nf4+ 56. Kg7 Ng2 57. Qb2+ Kf4 58. Qxg2 Ke3 59. Kh6 Kf4 60. g5 Ke3 61. g6 Kf4 62. g7 Ke3 63. g8=Q Kf4 64. Qf7+ Ke3 65. Qe2+ Kd4 66. Nb5+ Kc5 67. Qf5+ Kb4 68.
Qd2+ Kc4 69. Qfd5# 1-0

[Event "Early-Titled-Tuesday-Blitz-September-12-2023"]
[Site "Chess.com"]
[Date "2023.09.12"]
[Round "2"]
[White "whiteglovethief"]
[Black "Iunusovnuriddin"]
[Result "1-0"]
[WhiteElo "2532"]
[BlackElo "2332"]
[TimeControl "180+1"]
[EndTime "8:19:36 PDT"]
[Termination "whiteglovethief won by resignation"]

1. d4 Nf6 2. c4 g6 3. Nc3 Bg7 4. e4 O-O 5. Nf3 d6 6. Be2 e5 7. O-O Nbd7 8. dxe5 dxe5 9. h3 Re8 10. Be3 c6 11. c5 Nh5 12. Qc2 Nf4 13. Bc4 Qe7 14. b4 Nf8 15. Rfd1 N8e6 16. Bf1 Qf6 17. Nh2 Nd4 18. Qb2 h5 19. Ne2 Rd8 20. Nxf4 exf4 21. Bxd4 Rxd4 22. Rxd4 Qxd4 23. Qxd4 Bxd4 24. Rd1 Bf6 25.
Nf3 Be6 26. e5 Be7 27. a3 a5 28. Nd4 Bd5 29. Nc2 axb4 30. axb4 Bb3 31. Rd7 Bxc5 32.
bxc5 Bxc2 33. Kh2 Ra5 34. Bc4 Rxc5 35. Bxf7+ Kf8 36. e6 Re5 37. Rxb7 Bf5 38. Rc7 Bxe6 39. Bxg6 Bd5 40. f3 h4 41. Be4 Bxe4 42. fxe4 Rxe4 43. Rxc6 Re2 44. Rf6+ Kg7 45. Rxf4 Kg6 46. Rxh4 Kg5 47.
Rg4+ Kf5 48. Ra4 Rd2 49. h4 Rc2 50. Kh3 Rc3+ 51. g3 Rd3 52. Rg4 Rd2 53. Rg8 Kf6 54. h5 Rd5 55. Kh4 Kf7 56. Rg5 Rd1 57. Ra5 Rh1+ 58.
Kg5 Rf1 59. h6 Kg8 60. Ra8+ Kh7 61. Ra7+ Kg8 62. h7+ Kh8 63. Kg6 Rf8 64. Rf7 Rb8 65. g4 Rb6+ 66. Rf6 Rb8 67. Kh6 Re8 68. Kg6 Rd8 69.
Re6 Rd6 70. Kf7 Rxe6 71. Kxe6 Kxh7 72. Kf6 Kh8 73. g5 Kg8 74. Kg6 Kf8 75. Kh7 Kf7 76. g6+ Kf6 77. g7 Kf5 78. g8=Q 1-0

[Event "Early-Titled-Tuesday-Blitz-September-12-2023"]
[Site "Chess.com"]
[Date "2023.09.12"]
[Round "2"]
[White "AlleyOoper"]
[Black "tptagain"]
[Result "0-1"]
[WhiteElo "2610"]
[BlackElo "2939"]
[TimeControl "180+1"]
[EndTime "8:19:38 PDT"]
[Termination "tptagain won on time"]

1. d4 d5 2. Nf3 e6 3. Bf4 Bd6 4.
Bg3 Nf6 5. e3 O-O 6. Nbd2 c5 7. c3 b6 8. Bd3 Ba6 9. Bxa6 Nxa6 10.
O-O Nb8 11. Qe2 Bxg3 12. hxg3 Nc6 13. Rfd1 Qe7 14. dxc5 bxc5 15. c4 Rfd8 16. cxd5 exd5 17. Rac1 a5 18. Qb5 Nb4 19. a3 Na6 20. Qxa5 c4 21. Qc3 Nc5 22. b4 Nce4 23. Nxe4 Nxe4 24. Qb2 h5 25. a4 Rxa4 26. b5 Qb4 27. Qxb4 Rxb4 28.
Ne5 Rb2 29. Nxc4 Rxf2 30. b6 Ra2 31. b7 Rb8 32. Rxd5 Rxb7 33. Nd6 Nxd6 34. Rxd6 Rbb2 35.
Rc8+ Kh7 36. Rd7 Rxg2+ 37. Kh1 Rh2+ 38. Kg1 Rag2+ 39. Kf1 Rxg3 40. Rxf7 Rxe3 41. Rcc7 Rg3 42. Rf5 Rg6 43. Rff7 Kh6 44. Rfd7 Rf6+ 45. Kg1 Rh4 46.
Rxg7 Ra4 47. Rh7+ Kg5 48. Rcg7+ Kh4 49. Rg2 Ra1+ 50. Kh2 Rff1 51. Rc2 Rh1+ 52. Kg2 Rag1+ 53. Kf2 Rg4 54. Rhc7 Rh2+ 55. Kf3 Rh3+ 56. Kf2 Rh2+ 57.
Kf3 Rxc2 58. Rxc2 Kh3 59. Rc1 Rg3+ 60. Kf2 Rg2+ 61. Kf3 h4 62. Rc4 Ra2 63. Rd4 Rb2 64.
Rc4 Rb8 65. Ra4 Rf8+ 66. Ke2 Kg3 67. Ra3+ Kg2 68. Ra7 Re8+ 69. Kd2 Rg8 0-1

[Event "Early-Titled-Tuesday-Blitz-September-12-2023"]
[Site "Chess.com"]
[Date "2023.09.12"]
[Round "2"]
[White "wqws"]
[Black "charlescandycampbell"]
[Result "1/2-1/2"]
[WhiteElo "2695"]
[BlackElo "2305"]
[TimeControl "180+1"]
[EndTime "8:19:39 PDT"]
[Termination "Game drawn by stalemate"]

1. e4 c6 2. d4 d5 3. e5 Bf5 4. h4 h5 5. c4 dxc4 6. Bxc4 e6 7. Nc3 Nd7 8. Bg5 Be7 9. Nf3 Nb6 10. Bd3 Bxd3 11. Qxd3 Nh6 12. Ne4 Nf5 13. O-O O-O 14. Ng3 Nxh4 15. Bxh4 Bxh4 16. Nxh5 Nd5 17. Qe4 Be7 18. g3 g6 19. Nf4 Kg7 20. Kg2 Nxf4+ 21. Qxf4 Qd5 22. Rh1 Rh8 23. b3 Rad8 24. g4 g5 25. Qe3 f5 26. exf6+ Bxf6 27. Rxh8 Rxh8 28. Re1 Rh4 29. Qe4 Rh8 30. Qxe6 Rd8 31. Qxd5 Rxd5 32. Re4 c5 33. dxc5 Rxc5 34. Ra4 a6 35. Rc4 Rxc4 36. bxc4 Kf7 37. Kf1 Ke6 38. Ke2 Kd6 39. Kd3 Kc5 40. Nd2 Be7 41. Kc3 Bf6+ 42. Kd3 Be7 43. a3 Kc6 44. a4 Kc5 45. Kc3 Bf6+ 46. Kb3 Kd4 47. Nb1 Kd3 48. a5 Bd4 49. f3 Ke3 50. Nc3 Bxc3 51.
Kxc3 Kxf3 52. Kd4 Kxg4 53. Kc5 Kf5 54. Kb6 g4 55. Kxb7 g3 56. c5 g2 57. c6 g1=Q 58. c7 Qg2+ 59. Kb8 Qb2+ 60. Ka8 Qc3 61. Kb8 Qb4+ 62.
Ka8 Qc5 63. Kb8 Qd6 64. Ka8 Qd7 65. Kb8 Qb5+ 66. Ka8 Qc6+ 67. Kb8 Qd6 68. Ka8 Qxc7 1/2-1/2

[Event "Early-Titled-Tuesday-Blitz-September-12-2023"]
[Site "Chess.com"]
[Date "2023.09.12"]
[Round "2"]
[White "AsselLesbekova"]
[Black "hongnhung1234"]
[Result "1-0"]
[WhiteElo "2327"]
[BlackElo "2503"]
[TimeControl "180+1"]
[EndTime "8:19:40 PDT"]
[Termination "AsselLesbekova won by resignation"]

1. e4 c5 2. Nf3 e6 3. d4 cxd4 4.
Nxd4 Nc6 5. Nc3 Qc7 6. g3 a6 7.
Bg2 Nf6 8. O-O Bc5 9. Nxc6 dxc6 10. Na4 Ba7 11. c4 e5 12. b3 O-O 13. Bb2 Be6 14. Qc2 Rad8 15. Rad1 Qe7 16. Bxe5 Rxd1 17. Rxd1 Bg4 18.
Bxf6 Bxd1 19. Bxe7 Bxc2 20. Bxf8 Kxf8 21. c5 Bd3 22. b4 Bb8 23. f4 Ke7 24. Kf2 Bc2 25. Nb2 Bb1 26. a3 Ba2 27. Ke3 a5 28. bxa5 Bc7 29.
a6 bxa6 30. Bf1 a5 31. Bc4 Bb1 32. Kd4 h5 33. Be2 h4 34. Nc4 hxg3 35. hxg3 f6 36. Bd1 g5 37. fxg5 fxg5 38. e5 Bf5 39. Bf3 Bd7 40.
Nb6 Be8 41. Nc4 Bf7 42. Ne3 Ke6 43. Bg4+ Ke7 44. Nf5+ Kf8 45. Nd6 Bb3 46. Bd7 Bd5 47. e6 Bd8 48. Ke5 Be7 49. Nb7 a4 50. Kd4 g4 51. Na5 Kg7 52. Bxc6 Bxe6 53. Bxa4 Bf6+ 54. Ke4 Bb2 55. c6 Bxa3 56. Bb3 Bc8 57. Bd5 Bd6 58. Nb7 Bxg3 59. Nc5 Bc7 60. Be6 Bxe6 61. Nxe6+ Kf6 62. Nxc7 Ke7 63. Nd5+ Kd6 64. c7 Kd7 65. Kf4 g3 66. Kxg3 1-0

[Event "Early-Titled-Tuesday-Blitz-September-12-2023"]
[Site "Chess.com"]
[Date "2023.09.12"]
[Round "2"]
[White "valemava"]
[Black "HajiyevKanan"]
[Result "0-1"]
[WhiteElo "2299"]
[BlackElo "2517"]
[TimeControl "180+1"]
[EndTime "8:19:41 PDT"]
[Termination "HajiyevKanan won by resignation"]

1. c4 Nf6 2. a3 c6 3. b4 d5 4. e3 g6 5. Bb2 Bg7 6. cxd5 cxd5 7. Nf3 O-O 8. Be2 a5 9. b5 Nbd7 10. O-O Nb6 11. a4 Nc4 12. Bd4 Bf5 13. d3 Nd6 14. Nbd2 Rc8 15. h3 Qc7 16. Qb3 Qc2 17.
Qa3 Qc7 18. Rfc1 Qb8 19. Be5 Nd7 20. Bxg7 Kxg7 21. g4 Be6 22. Nd4 Rxc1+ 23. Rxc1 Rc8 24.
N2f3 Rxc1+ 25. Qxc1 Qc8 26. Qd2 b6 27. Ng5 Nc5 28. Bd1 Bd7 29. f4 h6 30. Ngf3 Ne6 31.
Qb2 Kg8 32. Nxe6 Bxe6 33. Nd4 Bd7 34. Bf3 Qc5 35. Qc2 Qxc2 36. Nxc2 e6 37. Kf2 Nb7 38. Nd4 Nc5 39. Bd1 f6 40. Ke2 Kf7 41. Kd2 Ke7 42. Bc2 Kd6 43. e4 e5 44. fxe5+ fxe5 45.
Nf3 d4 46. Nh4 g5 47. Nf5+ Bxf5 48. gxf5 Ke7 49. Bd1 Kf6 50. Ke2 h5 51. Kd2 g4 52.
hxg4 h4 53. Kc2 Nxa4 54. Kb3 Nc3 55. Bf3 a4+ 56. Kc4 h3 57. Kb4 h2 58. Ka3 Kg5 59. Kb4 Kf4 60. f6 Kxf3 61. f7 h1=Q 62. f8=Q+ Ke3 63.
Kc4 Qb1 64. Qb4 Qxb4+ 65. Kxb4 Kf4 66. g5 Kxg5 67. Kc4 Kf4 68. Kb4 Ke3 69. Kc4 Kd2 70. Kb4 Nxb5 71. Kxb5 Kxd3 72. Kxa4 Kxe4 73. Kb5 Kd3 74.
Kxb6 e4 75. Kc5 e3 76. Kd5 e2 0-1

[Event "Early-Titled-Tuesday-Blitz-September-12-2023"]
[Site "Chess.com"]
[Date "2023.09.12"]
[Round "2"]
[White "JiaHaoxiang"]
[Black "alexrustemov"]
[Result "1-0"]
[WhiteElo "2596"]
[BlackElo "2884"]
[TimeControl "180+1"]
[EndTime "8:19:42 PDT"]
[Termination "JiaHaoxiang won by checkmate"]

1. d4 d5 2. Bf4 Nf6 3. Nf3 c5 4. dxc5 Qa5+ 5. Nbd2 e6 6. e3 Bxc5 7. Bd3 Be7 8. O-O O-O 9. e4 dxe4 10. Nxe4 Nc6 11.
c3 Rd8 12. Qc2 h6 13. Rfd1 Nxe4 14. Bxe4 Bd7 15. b4 Qb6 16. a4 Be8 17. a5 Qb5 18. a6 bxa6 19. Bd3 Qh5 20. Bxa6 Rxd1+ 21. Rxd1 Rd8 22.
Rxd8 Bxd8 23. Qd2 Bb6 24. c4 Qf5 25. c5 Qb1+ 26. Bf1 Bd8 27. b5 Ba5 28. Qd6 Nd8 29.
c6 Nxc6 30. bxc6 Qb6 31. Ne5 Qc7 32. Nc4 Qxd6 33. Bxd6 Bc3 34. c7 Bd7 35. Ne5 Bc8 36. Nc6 Kh7 37. Nxa7 Bb7 38. c8=Q Bxc8 39. Nxc8 f5 40.
Nb6 Kg6 41. Nc4 Kf6 42. g3 e5 43. f3 h5 44. Kf2 g5 45. Ke3 g4 46. fxg4 hxg4 47. Bd3 Bd4+ 48. Ke2 Ke6 49. Bc7 Bg1 50. Bxe5 Bxh2 51. Bf4 Bg1 52. Ne3 Kf6 53. Nxf5 Bc5 54. Ne3 Ke6 55. Nxg4 Be7 56. Kf3 Bb4 57. Ne3 Be1 58.
g4 Bh4 59. Bf5+ Kf7 60. Ke4 Bd8 61. Be5 Be7 62. Nd5 Bd8 63. Bd7 Bg5 64. Kf5 Bd8 65. Be6+ Ke8 66. Bd6 Bh4 67. Nf6+ Kd8 68. Be5 Ke7 69.
Bd5 Kd8 70. g5 Bxg5 71. Kxg5 Ke7 72. Kf5 Kf8 73. Ne4 Ke7 74. Be6 Kd8 75. Bd6 Ke8 76. Ke5 Kd8 77. Kd5 Ke8 78. Kc6 Kd8 79. Bf7 Kc8 80.
Be7 Kb8 81. Kb6 Kc8 82. Be6+ Kb8 83. Bd6+ Ka8 84. Bd5# 1-0

[Event "Early-Titled-Tuesday-Blitz-September-12-2023"]
[Site "Chess.com"]
[Date "2023.09.12"]
[Round "2"]
[White "Masterbeaterr"]
[Black "masnyszachistaaa"]
[Result "1/2-1/2"]
[WhiteElo "2384"]
[BlackElo "2552"]
[TimeControl "180+1"]
[EndTime "8:19:44 PDT"]
[Termination "Game drawn by repetition"]

1. d4 Nf6 2. c4 e6 3. Nf3 c5 4. e3 d5 5. cxd5 Nxd5 6. Nc3 Nc6 7.
Be2 Nxc3 8. bxc3 Be7 9. O-O O-O 10. Rb1 b6 11. Qc2 Bb7 12. Rd1 Qc7 13. e4 Na5 14. d5 exd5 15. exd5 Rad8 16. c4 Bf6 17. Bg5 Qd6 18.
Bxf6 Qxf6 19. Bd3 g6 20. Re1 Rfe8 21. Qa4 Rxe1+ 22. Rxe1 Qc3 23. Bf1 Kg7 24. Re7 Qf6 25.
Re5 Bc8 26. Qc2 Bg4 27. Re3 Rd7 28. Ne5 Bf5 29. Nxd7 Bxd7 30. Qc3 Qxc3 31. Rxc3 Kf6 32.
f4 Nb7 33. Kf2 h5 34. g3 Bf5 35. Ra3 Na5 36. Ke3 Ke7 37. Bd3 Bd7 38. Rxa5 bxa5 39. Bc2 Kd6 40. f5 g5 41. h4 gxh4 42. gxh4 Ke5 43. Bd1 Bxf5 44. Bxh5 f6 45. Bf7 Bb1 46. a3 f5 47. h5 f4+ 48. Kf2 Kf6 49. Be8 Bd3 50.
Bb5 Be4 51. Ba6 Ke5 52. Bc8 Kf6 53. Bg4 Bd3 54. Be2 Be4 55. Kg1 Ke5 56. Kh2 Kf6 57.
Kh3 Kg5 58. d6 Bf5+ 59. Kg2 Bd7 60. Kf3 Bc6+ 61. Kf2 Bd7 62. Bf3 Kf5 63. Ke2 Kg5 64. Kd3 Bf5+ 65. Kc3 Bd7 66. Kd2 Kf5 67. Kd3 Ke5 68. h6 Bf5+ 69. Kc3 Kxd6 70. Kd2 Ke5 71. Ke2 Kd4 72. Bd5 Bg4+ 73. Kd2 Bf5 74. Ke2 Bg6 75.
Kf3 Ke5 76. Bc6 Bh5+ 77. Kf2 Bg6 78. Bd5 Bd3 79. Kf3 Bf5 80. Bc6 Bg6 81. Bd5 Bh7 82.
Bc6 Bd3 83. Bd5 Bc2 84. Kg4 Bf5+ 85. Kf3 Bd3 86. Kg4 Bf5+ 87. Kf3 Bd3 88. Kg4 Bf5+ 1/2-1/2

[Event "Early-Titled-Tuesday-Blitz-September-12-2023"]
[Site "Chess.com"]
[Date "2023.09.12"]
[Round "2"]
[White "attack2mateU"]
[Black "drragnar1"]
[Result "1-0"]
[WhiteElo "2727"]
[BlackElo "2387"]
[TimeControl "180+1"]
[EndTime "8:19:45 PDT"]
[Termination "attack2mateU won by checkmate"]

1. e4 g6 2. d4 Bg7 3. Nc3 d6 4.
Be3 Nf6 5. Qd2 Ng4 6. Bg5 h6 7.
Bh4 g5 8. Bg3 e5 9. dxe5 Nxe5 10. h4 Nbc6 11. O-O-O Be6 12. Kb1 g4 13. f4 gxf3 14. gxf3 Nc4 15. Bxc4 Bxc4 16. Nge2 Bxe2 17. Nxe2 Qf6 18. Qc3 Qxc3 19. Nxc3 Bxc3 20. bxc3 O-O-O 21. h5 Rdg8 22. Bf4 Ne5 23. Rd5 Nxf3 24. Rf5 Rh7 25. Bxh6 Rxh6 26. Rxf3 Rgh8 27. Rf5 R8h7 28. Kc1 Kd7 29. Kd2 Ke6 30. Ke3 f6 31. Kf4 Rg7 32. Rh4 Rg2 33. Rg4 Rf2+ 34. Kg3 Rxf5 35. exf5+ Kxf5 36. Kh4 Rh7 37. Rg1 Ke5 38. Re1+ Kd5 39. Rf1 Ke6 40.
c4 b6 41. a4 a5 42. Rd1 Kd7 43. c5 bxc5 44. Rb1 f5 45. Kg5 f4 46. Kg6 Rh8 47.
h6 Ke6 48. Re1+ Kd5 49. Kg7 Rd8 50. h7 Rd7+ 51. Kg6 Rxh7 52. Kxh7 f3 53. Re3 Kc4 54. Rxf3 d5 55. Rf7 Kb4 56. Rxc7 c4 57. Kg6 d4 58.
Kf5 d3 59. cxd3 cxd3 60. Ke4 d2 61. Rd7 Kc3 62. Ke3 Kb3 63. Rd4 d1=Q 64. Rxd1 Kxa4 65. Rb1 Ka3 66. Kd3 a4 67. Kc2 Ka2 68. Rb4 a3 69. Kc3 Ka1 70. Kb3 a2 71. Rh4 Kb1 72.
Rh1# 1-0

[Event "Early-Titled-Tuesday-Blitz-September-12-2023"]
[Site "Chess.com"]
[Date "2023.09.12"]
[Round "2"]
[White "AniJak"]
[Black "VSanduleac"]
[Result "1-0"]
[WhiteElo "2391"]
[BlackElo "2526"]
[TimeControl "180+1"]
[EndTime "8:19:48 PDT"]
[Termination "AniJak won by resignation"]

1. e4 g6 2. d4 Bg7 3. Nc3 c6 4. Be3 d5 5. f3 Qb6 6. exd5 Qxb2 7. Nge2 Nf6 8. Rb1 Qa3 9. Rb3 Qa5 10. dxc6 bxc6 11. Qd2 O-O 12. Nf4 Qc7 13. Bc4 Nbd7 14.
O-O Nb6 15. Bd3 Nbd5 16. Ncxd5 Nxd5 17. Nxd5 cxd5 18. Bf4 Bxd4+ 19. Kh1 Be5 20. Bxe5 Qxe5 21.
Re1 Qd6 22. Qg5 e6 23. h4 Qd8 24. Qg3 Qf6 25. Rb4 a5 26. Rf4 Qg7 27. h5 Ba6 28. hxg6 hxg6 29. Bxg6 fxg6 30. Rxe6 Rxf4 31. Rxg6 Rf7 32. Rxg7+ Rxg7 33. Qe5 Bc4 34. a3 Rf8 35. f4 Rff7 36. Kh2 Bf1 37. g3 Bc4 38. Kh3 a4 39. g4 d4 40. Qxd4 Be6 41. f5 Bd7 42. Kh4 Rh7+ 43. Kg3 Rhg7 44. Kh4 Kh7 45. Qd5 Rf6 46. Qd4 Rgf7 47. Kg3 Kg8 48. c4 Rc6 49. c5 Kf8 50. Qd5 Be8 51. Qd4 Ra6 52. Qd5 Rh6 53.
Qd4 Rg7 54. Qd5 Rf6 55. Kf4 Bd7 56. Qd4 Rff7 57. Qd6+ Kg8 58. Qd5 Kh7 59. c6 Bc8 60.
Qd6 Kg8 61. Qd5 Kh8 62. Qd8+ Rg8 63. Qd4+ Kh7 64. Qd6 Rgg7 65. Qd5 Ba6 66. g5 Bc8 67. f6 Kg8 68. Qd8+ Rf8 69. Qd5+ Rgf7 70. g6 Ba6 71.
gxf7+ Rxf7 72. Qd8+ Rf8 73. Qd5+ Rf7 74. Ke5 Be2 75.
c7 Bg4 76. Qd8+ Kh7 77. c8=Q Bxc8 78. Qxc8 Ra7 79. Qh3+ Kg8 80. Qg2+ Kf7 81. Qd5+ Kg6 82. Qe4+ Kh6 83. Qe3+ Kg6 84. Qxa7 Kg5 85. Qg7+ 1-0